 Dungeon Crawl Stone Soup version 0.21.1-1-g345015f (webtiles) character file.

305 jerryfan the Bolt Thrower (level 6, 0/50 HPs)
             Began as a Gnoll Wanderer on May 13, 2018.
             Slain by a hungry ghost (3 damage)
             ... on level 5 of the Dungeon.
             The game lasted 00:18:43 (3540 turns).

jerryfan the Bolt Thrower (Gnoll Wanderer)          Turns: 3540, Time: 00:18:44

Health: 0/50       AC:  2    Str: 15 (16) XL:     6   Next: 39%
Magic:  11/11      EV: 10    Int: 11 (12) God:
Gold:   181        SH:  9    Dex: 18 (19) Spells: 11/11 levels left

rFire    . . .     SeeInvis .   c - +0 hand crossbow
rCold    + . .     Gourm    .   a - +0 shield
rNeg     . . .     Faith    .   e - +0 robe
rPois    .         Spirit   .   (helmet restricted)
rElec    .         Reflect  .   (no cloak)
rCorr    +         Harm     .   (no gloves)
MR       .....                  (no boots)
Stlth    ++........             (no amulet)
HPRegen  0.16/turn              v - ring of resist corrosion
MPRegen  0.12/turn              h - ring of protection from cold

@: invisible
A: distributed training, fangs 1, hooves 1, horns 2, agile 1, strong nose
a: no special abilities


You were on level 5 of the Dungeon.
You were hungry.

You visited 1 branch of the dungeon, and saw 7 of its levels.

You collected 181 gold pieces.

Inventory:

Hand Weapons
 b - a +0 hand axe
 c - a +0 hand crossbow (weapon)
 p - a +2 dagger of holy wrath
 w - a +1 short sword of speed
Missiles
 d - 33 bolts (quivered)
 k - 15 poisoned needles
Armour
 a - a +0 shield (worn)
 e - a +0 robe (worn)
 q - a +0 chain mail
Jewellery
 h - a ring of protection from cold (right hand)
 u - an uncursed ring of flight
 v - a ring of resist corrosion (left hand)
 D - a cursed amulet of inaccuracy
 E - an uncursed amulet of harm {unknown}
Wands
 j - a wand of clouds (4)
 F - a wand of disintegration (16)
Scrolls
 g - 2 scrolls of fog {unknown}
 i - 2 scrolls of remove curse
 l - a scroll of noise {unknown}
 m - a scroll of blinking {unknown}
 n - 3 scrolls of identify
 o - a scroll of amnesia
 r - a scroll of fear
 s - 2 scrolls of enchant armour
 t - a scroll of magic mapping {unknown}
 x - a scroll of enchant weapon {unknown}
 y - a scroll of random uselessness {unknown}
 A - a scroll of immolation {unknown}
Potions
 C - a potion of curing
Comestibles
 f - 6 rations


   Skills:
 + Level 4.9 Fighting
 + Level 1.9 Short Blades
 + Level 1.9 Long Blades
 + Level 1.9 Axes
 + Level 1.9 Maces & Flails
 + Level 1.9 Polearms
 + Level 1.9 Staves
 + Level 1.9 Slings
 + Level 1.9 Bows
 + Level 4.9 Crossbows
 + Level 1.9 Throwing
 + Level 3.2 Armour
 + Level 1.9 Dodging
 + Level 3.0 Stealth
 + Level 3.2 Shields
 + Level 1.9 Unarmed Combat
 + Level 3.4 Spellcasting
 + Level 1.5 Conjurations
 + Level 1.5 Hexes
 + Level 1.5 Charms
 + Level 1.5 Summonings
 + Level 1.5 Necromancy
 + Level 1.5 Translocations
 + Level 2.6 Transmutations
 + Level 1.5 Fire Magic
 + Level 2.6 Ice Magic
 + Level 1.5 Air Magic
 + Level 1.5 Earth Magic
 + Level 1.5 Poison Magic
 + Level 2.1 Invocations
 + Level 1.9 Evocations


You had 11 spell levels left.
You didn't know any spells.

Dungeon Overview and Level Annotations

Branches:
Dungeon (7/15)
 Temple: D:4-7

Altars:
Elyvilon
Gozag
Makhleb
Okawaru
Qazlal
Wu Jian

Annotations:
D:4 Grinder


Innate Abilities, Weirdness & Mutations

Your experience applies equally to all skills.
You have very sharp teeth.
Your uncanny sense of smell can sniff out nearby items.
You have large cloven feet.
You have a pair of horns on your head.
You are agile. (Dex +2)


Message History

The hungry ghost is lightly damaged.
You block the hungry ghost's attack.
Firing (i - inventory):
d - 35 bolts (quivered)
Press: ? - help, Shift-Dir - straight line, f/p - hungry ghost
Aim: a hungry ghost (lightly damaged)
You shoot a bolt. The bolt hits the hungry ghost!
The hungry ghost is moderately damaged.
You block the hungry ghost's attack.
Firing (i - inventory):
d - 34 bolts (quivered)
Press: ? - help, Shift-Dir - straight line, f/p - hungry ghost
Aim: a hungry ghost (moderately damaged)
You shoot a bolt. The bolt hits the hungry ghost.
The hungry ghost is heavily damaged.
The gnoll is no longer moving quickly.
The hungry ghost hits you.
* * * LOW HITPOINT WARNING * * *
You are feeling hungry.
It was a potion of invisibility.
You fade into invisibility!
The hungry ghost hits you.
You die...

###...g
.....
..... ...
... . #.#
..[
#.##.....
#@.......
#W#.$...#
#.# #####
#.# #+# ∆


You could see a hungry ghost and a gnoll (fleeing).

Vanquished Creatures
  2 hounds
  An orc priest (D:4)
  2 orc wizards (D:3)
  A worker ant (D:4)
  5 adders
  A worm (D:4)
  2 dart slugs
  3 leopard geckos
  10 orcs
  2 ball pythons
  2 giant cockroaches
  5 goblins
  17 hobgoblins
  5 kobolds
  3 quokkas
  7 bats
  6 frilled lizards
  6 rats
80 creatures vanquished.

Notes
Turn   | Place    | Note
-------+----------+-------------------------------------------
     0 | D:1      | jerryfan the Gnoll Wanderer began the quest for the Orb.
     0 | D:1      | jerryfan set off with: a +0 shield, a +0 hand axe, a +0 hand crossbow, 23 bolts, a +0 robe, a ration
     0 | D:1      | Reached XP level 1. HP: 20/20 MP: 4/4
   144 | D:1      | Reached XP level 2. HP: 26/26 MP: 5/5
   356 | D:1      | Reached XP level 3. HP: 31/31 MP: 7/7
   873 | D:2      | Reached skill level 1 in Invocations
   895 | D:2      | Found a stormy altar of Qazlal.
  1151 | D:2      | Found an iron altar of Okawaru.
  1160 | D:2      | Reached skill level 1 in Short Blades
  1160 | D:2      | Reached skill level 1 in Long Blades
  1160 | D:2      | Reached skill level 1 in Axes
  1160 | D:2      | Reached skill level 1 in Maces & Flails
  1160 | D:2      | Reached skill level 1 in Polearms
  1160 | D:2      | Reached skill level 1 in Staves
  1160 | D:2      | Reached skill level 1 in Slings
  1160 | D:2      | Reached skill level 1 in Bows
  1160 | D:2      | Reached skill level 1 in Throwing
  1160 | D:2      | Reached skill level 1 in Dodging
  1160 | D:2      | Reached skill level 1 in Unarmed Combat
  1160 | D:2      | Reached skill level 1 in Evocations
  1160 | D:2      | Reached XP level 4. HP: 29/38 MP: 8/8
  1710 | D:3      | Found an ornate altar of the Wu Jian Council.
  1785 | D:3      | Reached skill level 1 in Conjurations
  1785 | D:3      | Reached skill level 1 in Hexes
  1785 | D:3      | Reached skill level 1 in Charms
  1785 | D:3      | Reached skill level 1 in Summonings
  1785 | D:3      | Reached skill level 1 in Necromancy
  1785 | D:3      | Reached skill level 1 in Translocations
  1785 | D:3      | Reached skill level 1 in Fire Magic
  1785 | D:3      | Reached skill level 1 in Air Magic
  1785 | D:3      | Reached skill level 1 in Earth Magic
  1785 | D:3      | Reached skill level 1 in Poison Magic
  1794 | D:3      | Found a burning altar of Makhleb.
  1795 | D:3      | Found a white marble altar of Elyvilon.
  1819 | D:3      | Reached XP level 5. HP: 38/43 MP: 9/9
  1843 | D:3      | Gained mutation: You have a pair of small horns on your head. [potion of mutation]
  1843 | D:3      | Gained mutation: You have a pair of horns on your head. [potion of mutation]
  1843 | D:3      | Gained mutation: You have large cloven feet. [potion of mutation]
  1843 | D:3      | Gained mutation: You are agile. (Dex +2) [potion of mutation]
  2679 | D:4      | Noticed Grinder
  2968 | D:4      | Reached XP level 6. HP: 39/50 MP: 9/11
  3166 | D:4      | You fall through a shaft for 3 floors!
  3166 | D:7      | Found an opulent altar of Gozag.
  3183 | D:7      | Noticed a hog
  3183 | D:7      | Noticed a hog
  3183 | D:7      | Noticed a human
  3272 | D:7      | Noticed an ice beast
  3521 | D:6      | Noticed a hungry ghost
  3534 | D:5      | Entered Level 5 of the Dungeon
  3540 | D:5      | Slain by a hungry ghost

Skill      XL: |  1  2  3  4  5 |
---------------+----------------+-----
Transmutations | 2 |  2.6
Ice Magic      | 2 |  2.6
Invocations    | 1 2 |  2.1
Short Blades   | 1 |  1.9
Long Blades    | 1 |  1.9
Axes           | 1 |  1.9
Maces & Flails | 1 |  1.9
Polearms       | 1 |  1.9
Staves         | 1 |  1.9
Slings         | 1 |  1.9
Bows           | 1 |  1.9
Throwing       | 1 |  1.9
Dodging        | 1 |  1.9
Unarmed Combat | 1 |  1.9
Evocations     | 1 |  1.9
Spellcasting   | 3 |  3.4
Conjurations   | 1 |  1.5
Hexes          | 1 |  1.5
Charms         | 1 |  1.5
Summonings     | 1 |  1.5
Necromancy     | 1 |  1.5
Translocations | 1 |  1.5
Fire Magic     | 1 |  1.5
Air Magic      | 1 |  1.5
Earth Magic    | 1 |  1.5
Poison Magic   | 1 |  1.5
Armour         | 3 |  3.2
Shields        | 3 |  3.2
Stealth        | 3 |  3.0
Fighting       | |  4.9
Crossbows      | |  4.9

Action                   |  1- 3 |  4- 6 || total
-------------------------+-------+-------++-------
Melee: Short sword       |     4 |     6 ||    10
       Bite              |       |     1 ||     1
       Hand axe          |       |     5 ||     5
 Fire: Hand crossbow     |    67 |   112 ||   179
  Use: Scroll            |     2 |     9 ||    11
       Potion            |       |     5 ||     5
  Eat: Chunk             |     1 |     6 ||     7
       Ration            |       |     1 ||     1
Armor: Robe              |     3 |     9 ||    12
Dodge: Dodged            |    11 |    37 ||    48
Block: Shield            |     9 |    42 ||    51
